 Dungeon Crawl Stone Soup version 0.21.1-1-g345015fe64 (webtiles) character file.

569 Kejsarherre the Skirmisher (level 7, -3/58 HPs)
             Began as a Formicid Wanderer on May 11, 2018.
             Slain by an ogre
             ... wielding a +0 giant club
              (14 damage)
             ... on level 5 of the Dungeon.
             The game lasted 00:05:46 (3351 turns).

Kejsarherre the Skirmisher (Formicid Wanderer)      Turns: 3351, Time: 00:05:47

Health: -3/58      AC:  7    Str: 17    XL:     7   Next: 60%
Magic:  7/7        EV:  9    Int: 10    God:
Gold:   78         SH:  0    Dex: 13    Spells: 6/6 levels left

rFire    . . .     SeeInvis +   l - +0 falchion
rCold    . . .     Gourm    .   (no shield)
rNeg     . . .     Faith    .   j - +0 scale mail
rPois    .         Spirit   .   (helmet unavailable)
rElec    .         Reflect  .   (no cloak)
rCorr    .         Harm     .   (no gloves)
MR       .....                  (no boots)
Stlth    +.........             (no amulet)
HPRegen  0.19/turn              (no ring)
MPRegen  0.10/turn              (no ring)

@: no status effects
A: permanent stasis, dig shafts and tunnels, four strong arms, antennae 3
a: Dig, Shaft Self


You were on level 5 of the Dungeon.
You were not hungry.

You visited 1 branch of the dungeon, and saw 5 of its levels.

You collected 78 gold pieces.

Inventory:

Hand Weapons
 l - a +0 falchion (weapon)
Armour
 j - a +0 scale mail (worn)
Scrolls
 a - a scroll of enchant weapon {unknown}
 b - a scroll of fear
 h - 2 scrolls of enchant armour
 i - 2 scrolls of immolation
 k - a scroll of remove curse
 n - 3 scrolls of random uselessness {unknown}
Potions
 c - a potion of resistance {unknown}
 d - 3 potions of curing
 e - a potion of mutation {unknown}
 g - a potion of lignification {unknown}
 m - a potion of heal wounds
Comestibles
 f - 4 rations


   Skills:
 + Level 6.3 Fighting
 * Level 2.8 Long Blades
   Level 3.0 Maces & Flails
 + Level 5.7 Armour
 - Level 2.4 Stealth


You had 6 spell levels left.
You didn't know any spells.

Dungeon Overview and Level Annotations

Branches:
Dungeon (6/15)
 Temple: D:4-7

Altars:
Fedhas
Kikubaaqudgha
Ru
Wu Jian

Annotations:
D:2 1 runed door


Innate Abilities, Weirdness & Mutations

You cannot be hasted, slowed, berserked, paralysed or teleported.
You can dig through walls and to a lower floor.
Your four strong arms can wield two-handed weapons with a shield.
You have a pair of large antennae on your head. (SInv)


Message History

The ogre hits you with a giant club!
You are too injured to fight recklessly!
You are too injured to fight recklessly!
You are too injured to fight recklessly!
You are too injured to fight recklessly!
You hit the ogre.
The ogre is almost dead.
The ogre closely misses you.
You hit the ogre but do no damage.
The ogre is almost dead.
The ogre hits you with a giant club!!
* * * LOW HITPOINT WARNING * * *
You barely miss the ogre.
The ogre is almost dead.
The ogre closely misses you.
You riposte.
You barely miss the ogre.
The ogre is almost dead.
You hit the ogre.
The ogre is almost dead.
The ogre hits you with a giant club!
You die...

##########.##
#>...........
#.########.#.
#.# #.# #@#
.# #O###...##
#.........
#..........
#..........
#$.?...[...
...........
.......%....
...........$.


You could see an ogre.

Vanquished Creatures
  A sky beast (D:6)
  An ogre (D:1)
  A bullfrog (D:6)
  A bullfrog zombie (D:6)
  2 orc priests (D:2)
  A jelly (D:6)
  3 orc wizards
  2 worker ants
  3 adders (D:2)
  An adder skeleton (D:6)
  2 worms
  A dart slug (D:1)
  2 leopard geckos (D:1)
  5 orcs
  A ball python (D:1)
  3 bats (D:2)
  2 giant cockroaches
  3 goblins
  4 hobgoblins
  2 jackals (D:1)
  A quokka (D:6)
  3 frilled lizards
  3 kobolds
  4 rats
52 creatures vanquished.

Notes
Turn   | Place    | Note
-------+----------+-------------------------------------------
     0 | D:1      | Kejsarherre the Formicid Wanderer began the quest for the Orb.
     0 | D:1      | Kejsarherre set off with: a +2 dagger, a potion of heal wounds, a +0 ring mail, a potion of curing, a ration
     0 | D:1      | Reached XP level 1. HP: 18/18 MP: 1/1
   150 | D:1      | Reached XP level 2. HP: 22/24 MP: 2/2
   486 | D:2      | Reached XP level 3. HP: 30/30 MP: 3/3
   530 | D:2      | Reached skill level 4 in Fighting
   766 | D:2      | Found a runed door.
   864 | D:1      | Reached XP level 4. HP: 25/38 MP: 4/4
  1310 | D:2      | Noticed an ogre
  1379 | D:1      | Killed an ogre
  1379 | D:1      | Reached skill level 5 in Fighting
  1379 | D:1      | Reached XP level 5. HP: 11/44 MP: 5/5
  1820 | D:2      | Reached XP level 6. HP: 10/51 MP: 6/6
  2167 | D:2      | Reached skill level 5 in Armour
  2520 | D:2      | Found an ornate altar of the Wu Jian Council.
  2520 | D:2      | Found an ancient bone altar of Kikubaaqudgha.
  2529 | D:2      | Found a sacrificial altar of Ru.
  2621 | D:3      | Found a blossoming altar of Fedhas.
  2633 | D:3      | You fall through a shaft for 3 floors!
  2637 | D:6      | Noticed a sky beast
  2648 | D:6      | Killed a sky beast
  2648 | D:6      | Reached skill level 6 in Fighting
  2648 | D:6      | Reached skill level 1 in Long Blades
  2648 | D:6      | Reached XP level 7. HP: 54/58 MP: 7/7
  3110 | D:5      | Entered Level 5 of the Dungeon
  3351 | D:5      | Slain by an ogre

Skill      XL: |  1  2  3  4  5  6  7 |
---------------+----------------------+-----
Armour         | 3 4 5 |  5.7
Fighting       | 4 5 6 |  6.3
Long Blades    | 1 2 |  2.8
Maces & Flails | |  3.0
Stealth        | |  2.4

Action                   |  1- 3 |  4- 6 |  7- 9 || total
-------------------------+-------+-------+-------++-------
Melee: Dagger            |   136 |   122 |       ||   258
       Falchion          |       |    25 |    50 ||    75
  Use: Scroll            |     1 |     5 |       ||     6
       Potion            |       |     3 |       ||     3
 Stab: Sleeping          |     1 |       |       ||     1
  Eat: Chunk             |       |     6 |     2 ||     8
Armor: Ring mail         |    16 |       |       ||    16
       Scale mail        |    65 |    46 |    23 ||   134
Dodge: Dodged            |   104 |    56 |    19 ||   179
       Rpst.: Falchion   |       |     2 |     6 ||     8
